 Dungeon Crawl Stone Soup version 0.28.0-53-g5a82cb258f (webtiles) character file.

Game seed: 1631237559454646342

1112 jjjjhere the Cleaver (level 8, -3/73 HPs)
             Began as a Hill Orc Cinder Acolyte on Aug 13, 2022.
             Was a Priest of Jiyva.
             Slain by a fire elemental (11 damage)
             ... created by the fiery vengeance of Ignis
             ... on level 5 of the Dungeon.
             The game lasted 00:07:19 (5245 turns).

jjjjhere the Cleaver (Hill Orc Cinder Acolyte)      Turns: 5245, Time: 00:07:19

Health: -3/73      AC:  6    Str: 17    XL:     8   Next: 33%
Magic:  9/9        EV: 10    Int: 14    God:    Jiyva [***...]
Gold:   221        SH:  0    Dex:  8    Spells: 9/9 levels left

rFire   . . .      SeeInvis .   h - +2 whip (elec)
rCold   + . .      Faith    .   (no shield)
rNeg    . . .      Spirit   .   d - +0 ring mail
rPois   +          Reflect  .   (no helmet)
rElec   +          Harm     .   (no cloak)
rCorr   +          Rampage  .   (no gloves)
Will    .....                   (no boots)
Stlth   +.........              (no amulet)
HPRegen 1.34/turn               c - ring of resist corrosion
MPRegen 0.46/turn               (no ring)

@: resistant, attractive, hasted, fire susceptible, very quick
A: thin skeletal structure 1, clumsy 1, shaggy fur 1, jelly absorbing missiles
a: Renounce Religion, Oozemancy


You were on level 5 of the Dungeon.
You worshipped Jiyva.
Jiyva was most pleased with you.
You visited 1 branch of the dungeon, and saw 7 of its levels.
You also visited: Sewer.

You collected 221 gold pieces.

Inventory:

Hand Weapons
 a - a -1 hand axe of flaming
 h - a +2 whip of electrocution (weapon)
 r - a +0 war axe of electrocution
Armour
 b - a +0 robe
 d - a +0 ring mail (worn)
Jewellery
 c - a ring of resist corrosion (left hand)
Wands
 i - a wand of digging (8)
Scrolls
 e - 2 scrolls of fear
 l - a scroll of blinking {unknown}
Potions
 f - 2 potions of cancellation
 j - 2 potions of haste
 k - a potion of brilliance
 o - a potion of mutation
 t - a potion of flight


   Skills:
 + Level 7.5 Fighting
 * Level 11.0 Axes
 - Level 1.0 Spellcasting
 - Level 3.2 Fire Magic


You had 9 spell levels left.
You didn't know any spells.
Your spell library contained the following spells:

 Spells                   Type           Power      Damage    Failure   Level
 Scorch                   Fire           18%        2d5       19%         2


Dungeon Overview and Level Annotations

Branches:
Dungeon (7/15)             Temple (0/1) D:4           Sewer (visited)

Altars:
Dithmenos
Fedhas
Gozag
Makhleb
Okawaru
Sif Muna
Uskayaw
Wu Jian
Xom

Shops:
D:5 *

Annotations:
D:5 1 runed translucent door, Crazy Yiuf


Innate Abilities, Weirdness & Mutations

You have a somewhat thin skeletal structure. (Dex +2, Stealth+)
You are clumsy. (Dex -2)
You are covered in fur. (AC +1)
You have a small jelly attached to you that may absorb projectiles.


Message History

You see here a +0 mace.
You see here a +0 mace.
Found a mace.
Found a runed translucent door.
You see here a +0 mace.
You see here a +0 mace.
You see here a +0 mace.
You open the door.
Ignis calls forth spirits of fire to unmake you! 3 fire elementals come into view.
There is an open door here.
The fire elemental hits you. The fire elemental burns you!
The fire elemental barely misses you.
You open the door. The fire elemental hits you. The fire elemental burns you!
The fire elemental closely misses you.
Found a stone staircase leading down.
There is an open door here.
The fire elemental barely misses you.
Okay, then.
It was a potion of mutation.
You feel extremely strange.
Your skeletal structure densifies.
Your tendrils retract into your body.
Fur sprouts all over your body.
You feel clumsy. The fire elemental hits you. The fire elemental burns you!
It was a potion of attraction.
You feel attractive to monsters. The fire elemental hits you.
The fire elemental burns you! The fire elemental misses you.
It was a potion of resistance.
You feel protected. The fire elemental hits you. The fire elemental burns you!
You can't see any enemies this would affect, really read the scroll of fear?
Okay, then.
As you read the scroll labelled ZOILOFA LEMO, it crumbles to dust.
You speak a Word of immense power!
It was a scroll of holy word.
The fire elemental hits you. The fire elemental burns you!
* * * LOW HITPOINT WARNING * * *
You feel yourself speed up. The fire elemental hits you.
The fire elemental burns you!
* * * LOW HITPOINT WARNING * * *
The fire elemental hits you. The fire elemental burns you!
You die...

........☼○.'.........+
.####...####.........#
.......## ##°......#
######..# ##○....##
##.# ##...## #.# ##E##
#.# #E# #.# #E# ...
#@# #.# #...# #.#
#.....# ....>.##
###.#.## #.... ###.#
#.#


You could see 3 fire elementals.

Vanquished Creatures
  Grinder (D:3)
  A water moccasin (D:5)
  Edmund (D:5)
  A black bear (D:5)
  An ogre (D:4)
  A scorpion (D:5)
  A crimson imp (D:3)
  An orc priest (D:3)
  2 jellies (Sewer)
  Jessica (D:2)
  3 orc wizards
  4 gnolls
  5 adders
  A river rat (D:3)
  3 worms
  3 dart slugs
  12 orcs
  17 ball pythons
  17 endoplasms
  7 giant cockroaches
  7 goblins
  8 hobgoblins
  3 quokkas
  3 bats
  8 frilled lizards
  6 kobolds
  10 rats
128 creatures vanquished.

Vanquished Creatures (others)
  A dart slug (D:3)
  An endoplasm (D:4)
  6 foxfires (D:3)
8 creatures vanquished.

Grand Total: 136 creatures vanquished

Notes
Turn   | Place    | Note
-------+----------+-------------------------------------------
     0 | D:1      | jjjjhere the Hill Orc Cinder Acolyte began the quest for
                  | the Orb.
     0 | D:1      | Reached XP level 1. HP: 19/19 MP: 2/2
   193 | D:1      | Reached XP level 2. HP: 19/27 MP: 3/3
   531 | D:1      | Found a faded altar of an unknown god.
   949 | D:1      | Reached skill level 5 in Axes
   975 | D:1      | Reached XP level 3. HP: 31/33 MP: 4/4
  1510 | D:2      | Noticed Jessica
  1523 | D:2      | Killed Jessica
  1524 | D:2      | Reached XP level 4. HP: 28/41 MP: 5/5
  2051 | D:2      | You fall into a shaft and drop 2 floors!
  2100 | D:3      | Reached skill level 6 in Axes
  2150 | D:3      | Noticed Grinder
  2297 | D:3      | Found a shimmering altar of Xom.
  2297 | D:3      | Found a burning altar of Makhleb.
  2301 | D:3      | Reached XP level 5. HP: 45/47 MP: 6/6
  2417 | D:3      | Reached skill level 5 in Fighting
  2546 | D:3      | HP: 12/48 [river rat (5)]
  2553 | D:3      | Reached skill level 7 in Axes
  2603 | D:3      | Found a glowing drain.
  2610 | Sewer    | Entered a sewer
  2814 | Sewer    | HP: 15/48 [poisoned by an adder]
  3054 | Sewer    | HP: 13/48 [frozen (4)]
  3284 | Sewer    | Reached XP level 6. HP: 54/56 MP: 7/7
  3444 | Sewer    | Found a viscous altar of Jiyva.
  3623 | Sewer    | Fell from the grace of Ignis
  3623 | Sewer    | Became a worshipper of Jiyva Jausk the Shapeless
  3842 | D:2      | Reached skill level 8 in Axes
  4037 | D:3      | Found a blossoming altar of Fedhas.
  4037 | D:3      | Found a hide-covered altar of Uskayaw.
  4183 | D:3      | Paralysed by Grinder for 4 turns
  4194 | D:3      | Paralysed by Grinder for 3 turns
  4207 | D:3      | Killed Grinder
  4208 | D:3      | Reached XP level 7. HP: 63/63 MP: 8/8
  4236 | D:3      | Reached * piety under Jiyva
  4320 | D:3      | Reached skill level 9 in Axes
  4360 | D:4      | Found a staircase to the Ecumenical Temple.
  4473 | D:4      | Found an iron altar of Okawaru.
  4632 | D:4      | HP: 17/64 [ogre/+0 giant club (15)]
  4787 | D:4      | Reached ** piety under Jiyva
  4792 | D:4      | You fall into a shaft and drop 3 floors!
  4805 | D:7      | Found an opulent altar of Gozag.
  4813 | D:7      | Found a shimmering blue altar of Sif Muna.
  4891 | D:5      | Entered Level 5 of the Dungeon
  4891 | D:5      | Noticed Edmund
  4899 | D:5      | Killed Edmund
  4900 | D:5      | Reached skill level 10 in Axes
  4977 | D:5      | Reached XP level 8. HP: 67/73 MP: 9/9
  5035 | D:5      | You fall into a shaft and drop 1 floor!
  5061 | D:5      | Found an ornate altar of the Wu Jian Council.
  5077 | D:5      | Found Loonnu's General Store.
  5096 | D:5      | Reached *** piety under Jiyva
  5096 | D:5      | Gained mutation: You are covered in slimy tendrils that may
                  | disarm your opponents. [Jiyva's grace]
  5096 | D:5      | Gained mutation: You have a small jelly attached to you
                  | that may absorb projectiles. [Jiyva's grace]
  5096 | D:5      | Gained mutation: You have a somewhat thin skeletal
                  | structure. (Dex +2, Stealth+) [Jiyva's grace]
  5096 | D:5      | Gained mutation: You have a moderately thin skeletal
                  | structure. (Dex +4, Stealth++) [Jiyva's grace]
  5096 | D:5      | Found a shadowy altar of Dithmenos.
  5133 | D:5      | Reached skill level 11 in Axes
  5197 | D:5      | Found a runed translucent door.
  5198 | D:5      | Noticed Crazy Yiuf
  5241 | D:5      | Lost mutation: You have a moderately thin skeletal
                  | structure. (Dex +4, Stealth++) [potion of mutation]
  5241 | D:5      | Lost mutation: You are covered in slimy tendrils that may
                  | disarm your opponents. [potion of mutation]
  5241 | D:5      | Gained mutation: You are covered in fur. (AC +1) [potion of
                  | mutation]
  5241 | D:5      | Gained mutation: You are clumsy. (Dex -2) [potion of
                  | mutation]
  5244 | D:5      | HP: 21/73 [fire elemental[the fiery vengeance of Ignis]
                  | (11)]
  5245 | D:5      | HP: 8/73 [fire elemental[the fiery vengeance of Ignis]
                  | (14)]
  5245 | D:5      | Slain by a fire elemental

Illustrated notes

Levels and vault maps discovered:
D:1:      saegor_arrival_under_anarchy, layout_basic,
          shapermc_ecumenical_altar_venn
D:2:      layout_basic, grunt_decor_arrowhead, uniq_jessica
D:3:      layout_basic, grunt_temple_overflow_champion_of_chaos,
          gammafunk_temple_overflow_elements, portal_sewer_entry_b, uniq_grinder
D:4:      layout_basic, okawaru_gym_becter, elyvilon_altar_3,
          minmay_temple_entry_overgrown
D:5:      layout_loops_corners, mainiacjoe_overflow_alcove_2,
          grunt_dithmenos_smoke_and_mirrors, serial_shops,
          nicolae_stop_n_shop_2, minmay_door_square, uniq_edmund,
          uniq_crazy_yiuf_cottage
D:6:      layout_rooms, lemuel_doored_altar,
          mainiacjoe_overflow_small_starburst, gammafunk_ghost_nasty_kobolds
D:7:      layout_rooms, cheibrodos_ashenzari_chains, lemuel_tele_altar,
          mainiacjoe_overflow_boulevard, minmay_fountain_box,
          nicolae_island_escapes, uniq_harold

Skill      XL: |  1  2  3  4  5  6  7  8 |
---------------+-------------------------+-----
Fighting       | 4 5 6 7 |  7.5
Axes           | 5 6 7 8 10 11 | 11.0
Spellcasting   | |  1.0
Fire Magic     | |  3.2

Action                   |  1- 3 |  4- 6 |  7- 9 || total
-------------------------+-------+-------+-------++-------
Melee: Hand axe          |    21 |       |       ||    21
       Whip              |    39 |   242 |   105 ||   386
       Punch             |       |     2 |     3 ||     5
Invok: Foxfire Swarm     |       |     1 |       ||     1
  Use: Scroll            |       |     9 |     4 ||    13
       Potion            |       |       |     5 ||     5
Armor: Ring mail         |     7 |   102 |    24 ||   133
       Robe              |     2 |       |       ||     2
Dodge: Dodged            |    25 |   118 |    55 ||   198
